 Dungeon Crawl Stone Soup version 0.29.1-15-g9cfb28693d (webtiles) character file.

Game seed: 14642641125137330513

21 sentinel the Digger (level 3, 0/26 HPs)
             Began as a Meteoran Earth Elementalist on Aug 3, 2023.
             Slain by a hobgoblin (2 damage)
             ... on level 2 of the Dungeon.
             The game lasted 00:01:07 (137 turns).

sentinel the Digger (Meteoran Earth Elementalist)    Turns: 137, Time: 00:01:07

Health: 0/26       AC:  3    Str:  9    XL:     3   Next: 20%
Magic:  0/8        EV: 12    Int: 19    God:
Gold:   0          SH:  0    Dex: 14    Spells: 6/7 levels left

rFire   . . .      SeeInvis .   (no weapon)
rCold   . . .      Faith    .   (no shield)
rNeg    . . .      Spirit   .   a - +0 robe
rPois   .          Reflect  .   (no helmet)
rElec   .          Harm     .   d - +0 cloak
rCorr   .          Rampage  .   (no gloves)
Will    .....                   (no boots)
Stlth   +.........              (no amulet)
HPRegen 0.08/turn               (no ring)
MPRegen 0.11/turn               (no ring)

@: glowing
A: sense surroundings 1, otherworldly, glowing, explore regen
a: no special abilities


You were on level 2 of the Dungeon.
You visited 1 branch of the dungeon, and saw 2 of its levels.

Inventory:

Armour
 a - a +0 robe (worn)
 d - a +0 cloak (worn)
Scrolls
 c - a scroll of poison {unknown}
Potions
 b - a potion of magic
 e - a potion of might {unknown}


   Skills:
 - Level 2.4 Dodging
 - Level 1.4 Stealth
 - Level 2.6 Spellcasting
 - Level 1.2 Transmutations
 + Level 4.9 Earth Magic


You had 6 spell levels left.
You knew the following spells:

 Your Spells              Type           Power      Damage    Failure   Level
a - Sandblast             Erth           42%        2d11      2%          1

Your spell library contained the following spells:

 Spells                   Type           Power      Damage    Failure   Level
 Passwall                 Tmut/Erth      11%        N/A       7%          2
 Stone Arrow              Conj/Erth      22%        3d8       17%         3
 Petrify                  Tmut/Erth      14%        N/A       41%         4


Dungeon Overview and Level Annotations

Branches:
Dungeon (2/15) Zot: 1051

Altars:

Annotations:
D:2 Robin


Innate Abilities, Weirdness & Mutations

You passively map a small area around you.
You are easily found by Zot.
You glow in the dark.
You regain HP and MP as you explore.


Message History

The quokka completely misses you.
The blast of sand hits the quokka.
You kill the quokka!
c - a scroll labelled ICAMMAHIAQ A hobgoblin comes into view.
Found a robe.
The hobgoblin shouts!
You are out of magic!
You are out of magic!
Found a cloak.
The hobgoblin misses you.
The hobgoblin hits you but does no damage.
The hobgoblin hits you but does no damage.
The blast of sand hits the hobgoblin.
The hobgoblin is severely wounded.
The hobgoblin hits you but does no damage.
The hobgoblin hits you. The hobgoblin attacks as you move away!
The hobgoblin misses you.
The blast of sand hits the hobgoblin.
You kill the hobgoblin!
You can't see any susceptible monsters within range! (Use Z to cast anyway.)
A goblin comes into view. It is wielding a +0 club.
You see here a +0 cloak.
You start putting on your armour.
You continue putting on your +0 cloak. x4
You finish putting on your +0 cloak.
The goblin closely misses you.
The blast of sand hits the goblin!
You kill the goblin!
You can't see any susceptible monsters within range! (Use Z to cast anyway.)
Found a cyan potion.
e - a cyan potion
(D) Dungeon
Where to? (? - help) Magic restored.
There is a stone staircase leading down here.
You climb downwards.
HP restored.
Magic restored.
Found a club.
There is a stone staircase leading up here.
A hobgoblin comes into view.
A hobgoblin is nearby!
A goblin comes into view. It is wielding a +0 club.
The goblin shouts!
The hobgoblin shouts!
You hear a shout! x3
A goblin comes into view. It is wielding a +0 club.
A goblin comes into view. It is wielding a +0 dagger.
A goblin comes into view. It is wielding a +0 club.
Robin and a hobgoblin come into view.
Robin shouts!
The hobgoblin shouts!
The goblin shouts!
You hear a shout!
The blast of sand hits the hobgoblin!
You kill the hobgoblin!
Robin roars a battlecry!
The goblins go into a battle-frenzy!
The blast of sand misses the goblin.
The blast of sand hits the goblin!
You kill the goblin!
A goblin comes into view. It is wielding a +0 dagger.
Robin throws the goblin at you! The goblin hits you with a +0 dagger.
The blast of sand hits the goblin.
You kill the goblin!
A hobgoblin comes into view.
You aren't carrying any items that you can evoke.
Unknown command.
The blast of sand misses the goblin.
The blast of sand hits the hobgoblin!
You kill the hobgoblin!
The hobgoblin shouts!
Robin throws the goblin at you!
A hobgoblin comes into view.
The goblin barely misses you.
The goblin hits you but does no damage. x2
The goblin closely misses you.
The blast of sand hits the goblin!
You kill the goblin!
Robin says, "Feeling lonely?"
A hobgoblin comes into view.
The goblin hits you but does no damage.
The blast of sand hits the goblin!
You kill the goblin!
The hobgoblin shouts!
The goblin barely misses you.
You have reached level 3!
Your experience leads to an increase in your attributes!
Increase (s)trength, (i)ntelligence, or (d)exterity?
You feel clever. x3
Casting: Sandblast (safe; 2% risk of failure)
Confirm with . or Enter, or press ? or * to list all spells.
You don't know that spell.
Unknown command.
Things that are here:
a +0 dagger; a goblin corpse Robin roars a battlecry!
The hobgoblin goes into a battle-frenzy!
Casting: Sandblast (safe; 2% risk of failure)
Confirm with . or Enter, or press ? or * to list all spells.
You don't know that spell.
Unknown command.
The goblin hits you with a +0 club. The goblin hits you with a +0 club.
The goblin misses you.
Robin says, "My goblins will feast on your bones."
The goblin closely misses you.
A hobgoblin comes into view.
The goblin barely misses you.
The hobgoblin no longer looks unusually strong.
The goblin hits you but does no damage.
The goblin no longer looks unusually strong.
The goblin hits you but does no damage.
Casting: Sandblast (safe; 2% risk of failure)
Confirm with . or Enter, or press ? or * to list all spells.
You don't know that spell.
Okay, then.
The hobgoblin no longer looks unusually strong.
Robin roars a battlecry!
The goblins go into a battle-frenzy!
The goblin attacks as you move away! The goblin completely misses you.
The goblin attacks as you move away! The goblin closely misses you.
The goblin attacks as you move away! The goblin closely misses you.
The goblin attacks as you move away! The goblin hits you with a +0 club.
The hobgoblin no longer looks unusually strong.
The blast of sand hits the goblin!
You kill the goblin!
The hobgoblin no longer looks unusually strong.
The blast of sand hits the hobgoblin.
The hobgoblin is almost dead.
The hobgoblin hits you.
The blast of sand hits the hobgoblin!
You kill the hobgoblin!
Robin says, "My goblins will feast on your bones."
The hobgoblin attacks as you move away! The hobgoblin hits you.
The blast of sand hits the hobgoblin!
You kill the hobgoblin!
Robin roars a battlecry!
The hobgoblins go into a battle-frenzy!
The hobgoblin attacks as you move away! The hobgoblin misses you.
The hobgoblin attacks as you move away! The hobgoblin misses you.
The hobgoblin attacks as you move away! The hobgoblin barely misses you.
The hobgoblin attacks as you move away! The hobgoblin closely misses you.
A hobgoblin comes into view.
The hobgoblin moves out of view.
The blast of sand misses the hobgoblin.
The hobgoblin barely misses you.
Robin's horned helmet rattles.
The blast of sand hits the hobgoblin.
The hobgoblin is severely wounded.
The hobgoblin misses you. The hobgoblin hits you.
Robin roars a battlecry!
The hobgoblin goes into a battle-frenzy!
Found 6 stones.
You closely miss the hobgoblin. The hobgoblin hits you. x2
* * * LOW HITPOINT WARNING * * *
Robin says, "A pitiful Meteoran like you will never find the ORB!"
HP warning!
You hit the hobgoblin.
The hobgoblin is lightly wounded.
The hobgoblin hits you.
You die...

, ,, * ...(...# ,
......# * , , ,
......, , ....# * * ,,
...# * , ,,..# *, #g#
#@# #g# #g# #g# ***
#.###############
#....g.g).......# *
######.#############.#
#...##.# #.# ,*
#......# #g#


You could see Robin and 3 hobgoblins.

Vanquished Creatures
  6 goblins
  5 hobgoblins
  3 jackals (D:1)
  A quokka (D:1)
  A rat (D:1)
16 creatures vanquished.

Notes
Turn   | Place    | Note
-------+----------+-------------------------------------------
     0 | D:1      | sentinel the Meteoran Earth Elementalist began the quest
                  | for the Orb.
     0 | D:1      | Reached XP level 1. HP: 14/14 MP: 5/5
    19 | D:1      | Reached skill level 4 in Earth Magic
    19 | D:1      | Reached XP level 2. HP: 14/20 MP: 0/6
    92 | D:2      | Noticed Robin
    99 | D:2      | Reached XP level 3. HP: 23/26 MP: 1/8
   136 | D:2      | HP: 1/26 [hobgoblin[Robin] (2)]
   137 | D:2      | Slain by a hobgoblin

Illustrated notes

Levels and vault maps discovered:
D:1:      erik_arrival_blinker_ship, layout_basic,
          shapermc_ecumenical_altar_totnotflames
D:2:      layout_loops_ring, uniq_robin

Skill      XL: |  1 |
---------------+----+-----
Earth Magic    | 4 |  4.9
Dodging        | |  2.4
Stealth        | |  1.4
Spellcasting   | |  2.6
Transmutations | |  1.2

Action                   || total
-------------------------++-------
Melee: Unarmed           ||     2
 Cast: Sandblast         ||    22
Armor: Robe              ||    12
Dodge: Dodged            ||    27
